 Dungeon Crawl Stone Soup version 0.27-a0-1202-ge72e49191c (webtiles) character file.

Game seed: 6551397894514269950

681 ottosmops the Chopper (level 7, -1/61 HPs)
             Began as a Hill Orc Fighter on June 4, 2021.
             Slain by a gnoll sergeant
             ... wielding a +0 trident
              (6 damage)
             ... on level 5 of the Dungeon.
             The game lasted 00:14:53 (4484 turns).

ottosmops the Chopper (Hill Orc Fighter)            Turns: 4484, Time: 00:14:54

Health: -1/61      AC: 10    Str: 20    XL:     7   Next: 61%
Magic:  7/7        EV: 10    Int:  8    God:
Gold:   132        SH: 10    Dex: 17    Spells: 6/6 levels left

rFire    . . .     SeeInvis .   a - +0 war axe
rCold    . . .     Faith    .   c - +0 kite shield
rNeg     . . .     Spirit   .   i - +0 chain mail
rPois    .         Reflect  .   g - +0 helmet
rElec    .         Harm     .   (no cloak)
rCorr    .         Rampage  .   (no gloves)
Will     .....                  (no boots)
Stlth    ..........             (no amulet)
HPRegen  0.20/turn              n - +4 ring of evasion
MPRegen  0.10/turn              p - +6 ring of dexterity

@: no status effects
A: no striking features
a: no special abilities


You were on level 5 of the Dungeon.
You visited 1 branch of the dungeon, and saw 5 of its levels.

You collected 160 gold pieces.
You spent 28 gold pieces at shops.

Inventory:

Hand Weapons
 a - a +0 war axe (weapon)
Armour
 c - a +0 kite shield (worn)
 g - a +0 helmet (worn)
 i - a +0 chain mail (worn)
 s - a +0 troll leather armour
Jewellery
 n - a +4 ring of evasion (left hand)
 p - a +6 ring of dexterity (right hand)
 q - a ring of willpower
 t - a ring of ice
Wands
 b - a wand of iceblast (7)
Scrolls
 h - 2 scrolls of fog
 l - 3 scrolls of summoning
 o - 2 scrolls of teleportation {unknown}
 r - a scroll of vulnerability {unknown}
Potions
 d - a potion of might
 e - a potion of flight {unknown}
 f - 2 potions of lignification
 j - 2 potions of attraction {unknown}
 k - 3 potions of curing
 m - a potion of invisibility {unknown}


   Skills:
 + Level 5.3 Fighting
 + Level 7.3 Axes
 + Level 4.6 Armour
 + Level 0.8 Dodging
 + Level 5.4 Shields


You had 6 spell levels left.
You didn't know any spells.
Your spell library contained the following spells:

 Spells                   Type           Power      Damage    Failure   Level
 Freeze                   Ice            0%         1d3       100%        1
 Sandblast                Erth           0%         2d4       100%        1
 Passwall                 Tmut/Erth      0%         N/A       100%        2
 Frozen Ramparts          Ice            0%         1d2       100%        3
 Ozocubu's Armour         Ice            0%         N/A       100%        3
 Stone Arrow              Conj/Erth      0%         3d7       100%        3
 Hailstorm                Conj/Ice       0%         3d3       100%        4
 Petrify                  Tmut/Erth      0%         N/A       100%        4
 Lee's Rapid Deconstruct  Erth           0%         3d5*      100%        5
 Metabolic Englaciation   Hex/Ice        0%         N/A       100%        5


Dungeon Overview and Level Annotations

Branches:
Dungeon (5/15)             Temple (0/1) D:5

Altars:
Dithmenos
Xom
Zin

Shops:
D:2 ?   D:3 :(([(   D:5 [


Message History

The water moccasin skeleton is lightly damaged.
You barely miss the gnoll.
You hit the gnoll sergeant but do no damage.
The water moccasin skeleton barely misses you.
You block the gnoll's attack.
The gnoll sergeant hits you with a +0 trident.
You block the gnoll's attack.
The water moccasin skeleton bites you but does no damage.
You hit the water moccasin skeleton.
The water moccasin skeleton is lightly damaged.
You hit the gnoll sergeant.
Your chain mail prevents you from hitting the gnoll.
The gnoll sergeant closely misses you.
You block the water moccasin skeleton's attack.
The gnoll hits you but does no damage. You block the gnoll sergeant's attack.
You hit the water moccasin skeleton.
The water moccasin skeleton is moderately damaged.
You barely miss the gnoll sergeant. You closely miss the gnoll.
The water moccasin skeleton bites you.
* * * LOW HITPOINT WARNING * * *
The gnoll closely misses you.
The gnoll sergeant hits you with a +0 trident.
* * * LOW HITPOINT WARNING * * *
The water moccasin skeleton closely misses you.
You slash the water moccasin skeleton!
The water moccasin skeleton is heavily damaged.
You hit the gnoll sergeant. You hit the gnoll. The gnoll completely misses you.
You block the water moccasin skeleton's attack.
The gnoll sergeant hits you with a +0 trident!
* * * LOW HITPOINT WARNING * * *
Your chain mail prevents you from hitting the water moccasin skeleton.
The water moccasin skeleton is heavily damaged.
You hit the gnoll.
You kill the gnoll!
You hit the gnoll sergeant.
The water moccasin skeleton bites you but does no damage.
You block the gnoll sergeant's attack.
The water moccasin skeleton closely misses you.
The gnoll sergeant hits you with a +0 trident.
You die...

#..# #..# #>.#####
##### #∩...... .....
...... ....# #...#
#.#.####)..#
#.#.##..@..# #
#.#.##.#Zg.# #
###.#.##.#...# #
#.....##.#.....
#######.#.#.##.##......
#..............#
#.##>..
#.#####.#.#>#### .# .##
#.#####.....# .. .
.†......#.###


You could see a gnoll sergeant and a water moccasin skeleton.

Vanquished Creatures
  Purgy (D:4)
  2 scorpions
  A water moccasin skeleton (D:4)
  A bullfrog skeleton (D:5)
  2 hounds
  A jelly (D:5)
  2 iguanas
  An orc wizard (D:5)
  A hound zombie (D:5)
  4 gnolls
  10 adders
  2 worms (D:2)
  A dart slug (D:1)
  6 orcs
  6 bats
  4 endoplasms
  4 giant cockroaches
  5 goblins
  5 hobgoblins
  13 jackals
  4 quokkas
  4 ball pythons (D:1)
  A frilled lizard (D:1)
  8 kobolds
  4 rats
93 creatures vanquished.

Notes
Turn   | Place    | Note
-------+----------+-------------------------------------------
     0 | D:1      | ottosmops the Hill Orc Fighter began the quest for the Orb.
     0 | D:1      | Reached XP level 1. HP: 19/19 MP: 1/1
    25 | D:1      | Reached XP level 2. HP: 15/27 MP: 2/2
   500 | D:1      | Reached XP level 3. HP: 33/33 MP: 3/3
   601 | D:1      | Reached skill level 3 in Axes
   973 | D:2      | Found Oqoimm's Magic Scroll Emporium.
  1000 | D:2      | Bought a scroll of identify for 28 gold pieces
  1165 | D:2      | Found a shimmering altar of Xom.
  1226 | D:2      | Found a faded altar of an unknown god.
  1488 | D:2      | Reached XP level 4. HP: 34/41 MP: 4/4
  2419 | D:3      | Found Asyng's Weapon Boutique.
  2441 | D:3      | Found Nuss's Antique Armour Shop.
  2652 | D:3      | Found Ziaculuh's Antique Weapon Boutique.
  2661 | D:3      | Reached skill level 4 in Axes
  2783 | D:3      | Found Radekloz's Book Shoppe.
  2817 | D:3      | Reached XP level 5. HP: 47/47 MP: 5/5
  2859 | D:3      | Found Mohitaf's Antique Weapon Shoppe.
  2919 | D:3      | Found a glowing silver altar of Zin.
  3613 | D:4      | Noticed Purgy
  3635 | D:4      | Killed Purgy
  3636 | D:4      | Reached skill level 5 in Axes
  3636 | D:4      | Reached XP level 6. HP: 42/55 MP: 6/6
  3793 | D:4      | Reached skill level 5 in Fighting
  3795 | D:4      | Reached skill level 5 in Shields
  4072 | D:4      | Found a shadowy altar of Dithmenos.
  4106 | D:4      | Reached skill level 6 in Axes
  4257 | D:5      | Entered Level 5 of the Dungeon
  4262 | D:5      | Reached XP level 7. HP: 61/61 MP: 7/7
  4416 | D:5      | Reached skill level 7 in Axes
  4471 | D:5      | Found Miosaten's Armour Emporium.
  4471 | D:5      | Found a staircase to the Ecumenical Temple.
  4484 | D:5      | Slain by a gnoll sergeant

Illustrated notes

Levels and vault maps discovered:
D:1:      dpeg_arrival_shrine, layout_loops_ring
D:2:      layout_basic, serial_shops, shop_fountains, basic_altar,
          hellmonk_ecumenical_altar_run_dry, minivault_4
D:3:      layout_loops_ring, old_standard_altar, serial_shops, shop,
          shop_statue, nicolae_shop_temple_entry_statues_fountains, shop,
          nicolae_shop_window_shopping, kennysheep_generic_room_9
D:4:      layout_basic, lemuel_doored_altar, uniq_purgy
D:5:      layout_loops_ring, chequers_temple_overflow_statue_of_worship,
          serial_shops, shop

Skill      XL: |  1  2  3  4  5  6  7 |
---------------+----------------------+-----
Fighting       | 4 5 |  5.3
Axes           | 3 4 5 6 7 |  7.3
Shields        | 4 5 |  5.4
Armour         | 4 |  4.6
Dodging        | |  0.8

Action                   |  1- 3 |  4- 6 |  7- 9 || total
-------------------------+-------+-------+-------++-------
Melee: War axe           |   101 |   213 |    51 ||   365
  Use: Scroll            |     1 |     1 |     2 ||     4
Armor: Scale mail        |    40 |       |       ||    40
       Chain mail        |    25 |   130 |    28 ||   183
Dodge: Dodged            |    30 |    66 |    29 ||   125
Block: Kite shield       |    61 |   148 |    36 ||   245

Table legend: (Time is in decaauts)
 A = Elapsed time spent in this place.
 B = Non-inter-level travel time spent in this place.
 C = Inter-level travel time spent in this place.
 D = Time resting spent in this place.
 E = Time spent auto-exploring this place.
 F = Levels seen in this place.
 G = Mean time per level.
                   A        B        C        D        E       F      G
               +--------+--------+--------+--------+--------+-----+--------+
         Total |   4665 |   4505 |    160 |    535 |   3042 |   5 |  933.0 |
       Dungeon |   4665 |   4505 |    160 |    535 |   3042 |   5 |  933.0 |
               +--------+--------+--------+--------+--------+-----+--------+

Top non-repeatable levels by time:
     D:2: 1410 daAuts
     D:3: 1261 daAuts
     D:1: 955 daAuts
     D:4: 792 daAuts
     D:5: 245 daAuts
